 Dungeon Crawl Stone Soup version 0.20.1-1-g8b1a95d (webtiles) character file.

2 Figureslego113 the Grasshopper (level 1, -2/17 HPs)
             Began as a Ghoul Warper on May 19, 2018.
             Slain by a goblin
             ... wielding a +0 club
              (3 damage)
             ... on level 1 of the Dungeon.
             The game lasted 00:02:30 (71 turns).

Figureslego113 the Grasshopper (Ghoul Warper)         Turns: 71, Time: 00:02:31

Health: -2/17      AC:  3    Str: 14    XL:     1   Next: 30%
Magic:  2/2        EV: 11    Int:  8    God:
Gold:   11         SH:  0    Dex:  8    Spells: 3/3 levels left

rFire    . . .     SeeInvis .   d - 5 tomahawks (disperse)
rCold    + . .     Gourm    .   (no shield)
rNeg     + + +     Faith    .   a - +0 leather armour
rPois    ∞         Spirit   .   (no helmet)
rElec    .         Reflect  .   (no cloak)
rCorr    .         Harm     .   (no gloves)
MR       .....                  (no boots)
Stlth    +.........             (no amulet)
Regen    0.0/turn               (no ring)
MPRegen  0.1/turn               (no ring)

@: rotting
A: rotting body, claws 1, carnivore 3, cold resistance 1, negative energy
resistance 3, inhibited regeneration, torment resistance, unbreathing
a: no special abilities


You were on level 1 of the Dungeon.
You were not hungry.

You visited 1 branch of the dungeon, and saw 1 of its levels.

You collected 11 gold pieces.

Inventory:

Missiles
 d - 5 tomahawks of dispersal (in claw)
Armour
 a - a +0 leather armour (worn)
Scrolls
 c - a scroll of blinking
Potions
 e - a potion of agility {unknown}
Books
 b - a book of Spatial Translocations

   Spells                             Type                      Level
   a - Blink                          Translocation                2
   b - Shroud of Golubria             Charms/Translocation         2
   c - Lesser Beckoning               Translocation                3
   d - Gell's Gravitas                Translocation                3
   e - Teleport Other                 Translocation                3
   f - Passage of Golubria            Translocation                4
Comestibles
 f - a meat ration


   Skills:
 + Level 2.1 Fighting
 + Level 0.8 Throwing
 + Level 1.0 Armour
 + Level 1.8 Dodging
 + Level 2.1 Unarmed Combat
 + Level 1.8 Spellcasting
   Level 2.6 Translocations


You had 3 spell levels left.
You didn't know any spells.

Dungeon Overview and Level Annotations

Branches:
Dungeon (1/15)

Altars:


Innate Abilities, Weirdness & Mutations

Your body is rotting away.
You thrive on raw meat.
You are immune to poison.
You have sharp fingernails.
You are carnivorous and can eat meat at any time.
Your flesh is cold resistant. (rC+)
You are immune to negative energy. (rN+++)
You do not regenerate when monsters are visible.
You are immune to unholy pain and torment.
You can survive without breathing.


Message History

Blink to where?
Press: ? - help, Dir - move target cursor, f - you
Okay, then.
Wield which item (- for none, * to show all)? (? for menu, Esc to quit)
f - a meat ration (in claw)
The frilled lizard bites you.
* * * LOW HITPOINT WARNING * * *
Wield which item (- for none, * to show all)? (? for menu, Esc to quit)
d - 5 tomahawks of dispersal (in claw)
The goblin hits you with a club.
* * * LOW HITPOINT WARNING * * *
The rat barely misses you.
A goblin comes into view. It is wielding a dagger.
Wield which item (- for none, * to show all)? (? for menu, Esc to quit)
Okay, then.
The frilled lizard hisses.
The frilled lizard bites you but does no damage.
The goblin closely misses you. The goblin hits you with a club.
You die...

........ #. #.......
#. #...... #.###.....
##.....g.#
##.......##
######..(...r..# #
###....###....l@.#.#
##........##...g..#.#
#..........##.......#
............#......##
............#.....##
# ....####..........#
.. ..###
###.....[..#..# .##
####.......## ..###
###.<#.).......


You could see 2 goblins, a frilled lizard and a rat.

Vanquished Creatures
  A hobgoblin (D:1)
  A rat (D:1)
2 creatures vanquished.

Notes
Turn   | Place    | Note
-------+----------+-------------------------------------------
     0 | D:1      | Figureslego113 the Ghoul Warper began the quest for the Orb.
     0 | D:1      | Reached XP level 1. HP: 17/17 MP: 2/2
    58 | D:1      | Reached skill level 1 in Armour
    71 | D:1      | Slain by a goblin

Skill      XL: |  1 |
---------------+----+-----
Armour         | 1 |  1.0
Fighting       | |  2.1
Throwing       | |  0.8
Dodging        | |  1.8
Unarmed Combat | |  2.1
Spellcasting   | |  1.8
Translocations | |  2.6

Action                   || total
-------------------------++-------
Melee: Unarmed           ||     9
Armor: Leather armour    ||     7
Dodge: Dodged            ||    12
